Cogmind - Beta 16.1 @@@ ROGUE MODE // 2026.03.03 @ 17:15:29 Player: Klax Result: Destroyed by 6S-61K(R) with Subdweller Machine Gun Performance ------------- Evolutions (0) 0 Regions Visited (3) 600 Robots Destroyed (2) 10 Value Destroyed (81) 81 Prototype IDs (3) 60 Alien Tech Used (0) 0 Bonus (0) 0 TOTAL SCORE: 751 Bonus ------- None Cogmind --------- Core Integrity 0/250 Matter 243/400 Energy 146/250 System Corruption 0% Temperature Cool (0) Movement Core (150) Ox2 Location -10/Subcaves Parts ------- > --- POWER (1) -------- Ion Engine > --- PROPULSION (2) --- (None) > --- UTILITY (2) ------ Medium Matter Pod > --- WEAPON (2) ------- (None) > --- INVENTORY (5) ---- Scrap Shield Scrap Shield Fragment (44) Peak State ------------ > --- POWER ------------ Ion Engine > --- PROPULSION ------- Aluminum Leg Aluminum Leg > --- UTILITY ---------- Medium Matter Pod Experimental Sensor Array > --- WEAPON ----------- Assault Rifle > --- INVENTORY -------- Ion Engine Light Cannon [Rating: 14] Favorites ----------- Power Ion Engine Engine Ion Engine Propulsion Aluminum Leg Leg Aluminum Leg Utility Medium Matter Pod Device Experimental Sensor Array Storage Medium Matter Pod Weapon Assault Rifle Ballistic Gun Assault Rifle Ballistic Cannon Light Cannon Build | -11 -10 -10 -10 ------- Run | Yrd Mat Min Sub Slots Evolved . | . . . . Power . | . . . . Propulsion . | . . . . Utility . | . . . . Weapon . | . . . . Parts Attached 9 | 4 1 2 2 Power 3 | 1 . . 2 Engine 3 | 1 . . 2 Core . | . . . . Reactor . | . . . . Propulsion 2 | 2 . . . Treads . | . . . . Leg 2 | 2 . . . Wheel . | . . . . Hover . | . . . . Flight . | . . . . Utility 2 | . 1 1 . Device 1 | . . 1 . Storage 1 | . 1 . . Processor . | . . . . Hackware . | . . . . Protection . | . . . . Artifact . | . . . . Weapon 2 | 1 . 1 . Energy Gun . | . . . . Energy Cannon . | . . . . Ballistic Gun 1 | 1 . . . Ballistic Cannon 1 | . . 1 . Launcher . | . . . . Special Weapon . | . . . . Impact Weapon . | . . . . Slashing Weapon . | . . . . Piercing Weapon . | . . . . Special Melee Weapon . | . . . . Unidentified Prototypes 1 | . . 1 . Parts Lost 7 | . . 1 6 Power 2 | . . . 2 Propulsion 2 | . . . 2 Utility 1 | . . 1 . Weapon 2 | . . . 2 Highest Loss Streak 5 | . . 1 5 To Critical Strikes 1 | . . . 1 Average Backups 1 | 1 1 1 1 Power . | 1 1 1 . Propulsion . | . . . . Utility . | . . . . Weapon . | . . . . Tool/Special . | . . . . Unused Backups 2 | 1 . . 1 Power . | . . . . Propulsion 1 | 1 . . . Utility 1 | . . . 1 Weapon . | . . . . Tool/Special . | . . . . Average Slot Usage (%) 75 | . 64 81 80 Engine 13 | . 14 14 13 Leg 27 | . 28 28 27 Storage 11 | . 7 14 14 Ballistic Gun 13 | . 14 14 13 Ballistic Cannon 6 | . . 9 13 Peak Build Rating 14 | 4 5 14 7 Average Rating 5 | 2 4 6 6 On Entrance 3 | . 4 5 6 Avg Prop Armor Cover (%) . | . . . . Naked Turns . | . . . . Heaviest Build 12 | 7 9 12 12 Greatest Support 20 | 20 20 20 20 Greatest Overweight (x) 2 | . . . 2 Average Overweight (x) . | . . . . Largest Inventory Capacity 5 | 5 5 5 5 Average Capacity 5 | 5 5 5 5 Most Carried 4 | 4 3 3 4 Average Carried 1 | 1 1 1 3 Final Capacity 5 | 5 5 5 5 Final Carried 3 | 1 2 1 3 Class Distribution -------------------- 100% | Mutant Dominant Class ---------------- Mutant | -10/Materials Mutant | -10/Mines Mutant | -10/Subcaves Resources | -11 -10 -10 -10 ----------- Run | Yrd Mat Min Sub Matter Collected 307 | 97 . 108 102 Remotely . | . . . . Salvage Created 104 | . . 104 . Parts 5 | . . 5 . Haulers Intercepted . | . . . . Recyclers Shooed . | . . . . Parts Field Recycled . | . . . . Retrieved Matter . | . . . . Parts Self-Destructed . | . . . . Prevented . | . . . . Parts Restored . | . . . . Kills | -11 -10 -10 -10 ------- Run | Yrd Mat Min Sub Combat Hostiles Destroyed 2 | . . 2 . Guns 1 | . . 1 . Cannons 1 | . . 1 . Classes Destroyed 1 | . . 1 . Grunt 2 | . . 2 . Best Kill Streak 2 | . . 2 . Combat Bots Only 2 | . . 2 . Max Kills in Single Turn 1 | . . 1 . Gunslinging . | . . . . Exploded . | . . . . Melee . | . . . . Uniques/NPCs Destroyed . | . . . . Combat | -11 -10 -10 -10 -------- Run | Yrd Mat Min Sub Hostile Shots Fired 60 | . 3 10 47 Missed 17 | . 1 2 14 Hits 43 | . 2 8 33 Projectile 43 | . 2 8 33 Critical Strikes 3 | . . . 3 Damage Taken 862 | . 14 102 746 Core 271 | . 14 21 236 Absorbed by Shields . | . . . . Core Remaining (%) 100 | 100 . . . Volleys Fired 25 | . 8 8 9 Largest 2 | . 1 2 2 Hottest 50 | . 20 50 50 Shots Fired 33 | . 8 9 16 Gun 23 | . 8 8 7 Cannon 10 | . . 1 9 Launcher . | . . . . Special . | . . . . Kinetic 33 | . 8 9 16 Thermal . | . . . . Explosive . | . . . . Electromagnetic . | . . . . Robot Hit Streak 4 | . 1 4 4 Robot Miss Streak 5 | . 5 1 2 Penetration Max . | . . . . Secondary Targets . | . . . . Shots Hit Robots 19 | . 2 7 10 Core Hits 5 | . . 3 2 Critical Kills . | . . . . Critical Parts Destroyed 1 | . 1 . . Critical Strikes 1 | . 1 . . Destroy 1 | . 1 . . Melee Attacks . | . . . . Impact . | . . . . Slashing . | . . . . Piercing . | . . . . Sneak Attacks . | . . . . Combat Hostiles . | . . . . Follow-up Attacks . | . . . . Damage Inflicted 285 | . 22 98 165 Guns 158 | . 22 81 55 Cannons 127 | . . 17 110 Explosions . | . . . . Melee . | . . . . Ramming . | . . . . Kinetic 285 | . 22 98 165 Thermal . | . . . . Explosive . | . . . . Electromagnetic . | . . . . Impact . | . . . . Slashing . | . . . . Piercing . | . . . . Highest Corruption . | . . . . Average Corruption . | . . . . Corruption Purged . | . . . . Corruption Blocked . | . . . . Overload Shots . | . . . . Overflow Damage . | . . . . Projectiles . | . . . . Explosions . | . . . . Melee . | . . . . Knockbacks 1 | . . . 1 Impact . | . . . . Kinetic 1 | . . . 1 Secondary . | . . . . Self-Inflicted Damage . | . . . . Shots . | . . . . Rammed . | . . . . Targets Rammed . | . . . . Kicked . | . . . . Crushed . | . . . . Highest Temperature 2 | . . 2 . Average Temperature 2 | . . 2 . Received Heat Transfer 189 | . . 60 129 Siege Activations . | . . . . Martial Activations . | . . . . Shielding Activations . | . . . . Robots Disrupted . | . . . . Combat Hostiles . | . . . . Robots Corrupted . | . . . . Combat Hostiles . | . . . . Parts Fried . | . . . . Impact Corruptions . | . . . . Robots Melted . | . . . . Combat Hostiles . | . . . . Parts Melted . | . . . . Heat Transferred . | . . . . Parts Sabotaged . | . . . . Parts Stolen . | . . . . Parts Stripped . | . . . . Power Chain Reactions . | . . . . Alert | -11 -10 -10 -10 ------- Run | Yrd Mat Min Sub Maximum Alert Level . | . . . . Low Security (%) 100 | 100 100 100 . Level 1 . | . . . . Level 2 . | . . . . Level 3 . | . . . . Level 4 . | . . . . Level 5 . | . . . . High Security . | . . . . Max Security . | . . . . Peak Influence 40 | . 20 40 . Initial 7 | . . 7 . Average 4 | . 1 8 . Influence Increases 85 | . 35 50 . Destroy 0b10 Robot/C 40 | . . 40 . Destroy Leader 10 | . . 10 . Successful Hack 5 | . 5 . . Lose Combat Pursuer 30 | . 30 . . Influence Decreases 85 | . 15 70 . Entered New Map 13 | . . 13 . Time Decay 72 | . 15 57 . Squads Dispatched 2 | . 2 . . Investigation 1 | . 1 . . Extermination . | . . . . Reinforcement 1 | . 1 . . Assault . | . . . . Garrison . | . . . . Intercept . | . . . . Searches Triggered . | . . . . Construction Impeded . | . . . . Haulers Reinforced . | . . . . Active Scanning Responses . | . . . . Cargo Convoy Interrupts . | . . . . Stealth | -11 -10 -10 -10 --------- Run | Yrd Mat Min Sub Distress Signals . | . . . . Communications Jammed . | . . . . Distress Signals . | . . . . Times Spotted 20 | . 5 2 13 Peak Tracking Total 10 | . 2 2 10 Tactical Retreats 2 | . 2 . . Traps | -11 -10 -10 -10 ------- Run | Yrd Mat Min Sub Traps Triggered 1 | . 1 . . Indirectly . | . . . . Trap Hack Attempts . | . . . . Triggered . | . . . . Disarmed . | . . . . Reprogrammed . | . . . . Reused . | . . . . Traps Extracted . | . . . . Installed . | . . . . Triggered . | . . . . Machines | -11 -10 -10 -10 ---------- Run | Yrd Mat Min Sub Machines Disabled . | . . . . Max in Single Turn . | . . . . Machines Repaired . | . . . . Machines Dismantled . | . . . . Machines Sabotaged . | . . . . Overloaded Fab Kills . | . . . . Hacking | -11 -10 -10 -10 --------- Run | Yrd Mat Min Sub Machines Accessed 1 | . 1 . . Terminals 1 | . 1 . . Fabricators . | . . . . Repair Stations . | . . . . Recycling Units . | . . . . Scanalyzers . | . . . . Garrison Access . | . . . . Total Hacks 2 | . 2 . . Successful 1 | . 1 . . Failed 1 | . 1 . . Catastrophic . | . . . . Database Lockouts . | . . . . Manual . | . . . . Terminals 2 | . 2 . . Fabricators . | . . . . Repair Stations . | . . . . Recycling Units . | . . . . Scanalyzers . | . . . . Garrison Access . | . . . . Terminal Hacks 1 | . 1 . . Prototype ID Bank 1 | . 1 . . Fabricator Hacks . | . . . . Repair Station Hacks . | . . . . Recycling Unit Hacks . | . . . . Scanalyzer . | . . . . Garrison Access Hacks . | . . . . Unauthorized Hacks . | . . . . Terminals . | . . . . Fabricators . | . . . . Repair Stations . | . . . . Recycling Units . | . . . . Scanalyzers . | . . . . Garrison Access . | . . . . Data Cores Recovered . | . . . . Used . | . . . . Hacking Detections 1 | . 1 . . Full Trace Events . | . . . . Feedback Events . | . . . . Feedback Blocked . | . . . . Robot Schematics Acquired . | . . . . Robots Built . | . . . . Authchips . | . . . . Time . | . . . . Total Robot Build Rating . | . . . . Part Schematics Acquired . | . . . . Parts Built . | . . . . Authchips . | . . . . Time . | . . . . Total Part Build Rating . | . . . . Part Studies Acquired . | . . . . Parts Repaired . | . . . . Time . | . . . . Parts Recycled . | . . . . Recycled Matter . | . . . . Retrieved Matter . | . . . . Retrieved Components . | . . . . Parts Scanalyzed . | . . . . Part Schematics Acquired . | . . . . Parts Damaged . | . . . . Bothacking | -11 -10 -10 -10 ------------ Run | Yrd Mat Min Sub Used RIF Installer . | . . . . Robots Hacked . | . . . . Non-combat . | . . . . Combat . | . . . . Robot Hacks Applied . | . . . . Relay Couplers Released . | . . . . Fabnet Peak Effective % . | . . . . Robots Rewired . | . . . . Allies Hacked . | . . . . Hacks Repelled . | . . . . Allies | -11 -10 -10 -10 -------- Run | Yrd Mat Min Sub Total Allies . | . . . . Largest Group . | . . . . Highest-Rated Group . | . . . . Highest-Rated Ally . | . . . . Total Orders . | . . . . Ally Attacks . | . . . . Total Damage . | . . . . Kills . | . . . . Allies Corrupted . | . . . . Allies Melted . | . . . . Intel | -11 -10 -10 -10 ------- Run | Yrd Mat Min Sub Active Infowar (turns) 30 | . . 30 . Sensors 30 | . . 30 . Robot Analysis Total . | . . . . Derelict Logs Recovered . | . . . . Drone Launches . | . . . . Drone Recoveries . | . . . . Exploration | -11 -10 -10 -10 ------------- Run | Yrd Mat Min Sub Turns Passed 665 | 38 232 265 130 Spaces Moved 476 | 32 178 184 82 Core 18 | 14 . . 4 Treads . | . . . . Legs 458 | 18 178 184 78 Wheels . | . . . . Hover . | . . . . Flight . | . . . . Fastest Speed 50 | 50 120 120 120 Average Speed 118 | 89 120 120 121 Slowest Speed 150 | 120 120 120 150 Overloaded Moves . | . . . . Propulsion Burnouts . | . . . . Robots Hopped . | . . . . Potential Cave-ins . | . . . . Cave-ins Triggered . | . . . . Exploration Rate (%) 21 | 3 38 31 12 Regions Visited 3 Branch Regions 2 Pre-discovered Areas . | . . . . Known Exits Taken . | . . . . Unknown Exits Taken 3 | 1 1 1 . Scrap Searched . | . . . . Spaces Dug . | . . . . Terrain Destroyed . | . . . . Melee . | . . . . Projectile . | . . . . AOE . | . . . . Terrain Rammed . | . . . . Walls Destroyed . | . . . . Machines Disabled . | . . . . Actions | -11 -10 -10 -10 --------- Run | Yrd Mat Min Sub Total 545 | 42 188 219 96 Wait 25 | . . 25 . Move 473 | 31 177 183 82 Hop . | . . . . Pick Up 12 | 6 2 1 3 Fast Attach . | . . . . Attach 9 | 4 1 2 2 Detach . | . . . . Swap . | . . . . Drop 1 | 1 . . . Fire 25 | . 8 8 9 Melee . | . . . . Ram . | . . . . Kick . | . . . . Crush . | . . . . Escape Stasis . | . . . . Rewire . | . . . . Trap . | . . . . Miscellaneous . | . . . . Route ------- -11/Scrapyard -10/Materials -10/Mines -10/Subcaves History --------- Turn | Location | Event 2 | -11/Scrapyard | Met Revision 17 12 | -11/Scrapyard | Discovered new exit (range 15) 39 | -11/Scrapyard | Entered Materials 133 | -10/Materials | Discovered new exit (range 10) 271 | -10/Materials | Entered Mines 311 | -10/Mines | Found a damaged Exp. Sensor Array with a note attached 313 | -10/Mines | Found Prototype Device 314 | -10/Mines | Identified Exp. Sensor Array 335 | -10/Mines | Build established: Mutant 522 | -10/Mines | Discovered new exit (range 5) 536 | -10/Mines | Entered Subcaves 537 | -10/Subcaves | Approached by a straggling Scientist 641 | -10/Subcaves | Ambushed by swarm of Subdwellers 641 | -10/Subcaves | Ambushed by Subdwellers from Twisted Machinery 643 | -10/Subcaves | Ambushed by Subdwellers from Twisted Machinery 643 | -10/Subcaves | Ambushed by Subdwellers from Twisted Machinery 643 | -10/Subcaves | Ambushed by Subdwellers from Twisted Machinery 658 | -10/Subcaves | Core integrity fell below 50% 663 | -10/Subcaves | Core integrity fell below 20% 666 | -10/Subcaves | Destroyed by 6S-61K(R) with Subdweller Machine Gun Last Messages --------------- HV Slug penetrates TV-6M8(R). TV-6M8(R) destroyed. HV Slug penetrates Twisted Machinery. HF-939(R) suffers critical hit (Destroy). HF-939(R) destroyed. 51-RWP(R) affixes Scrap Shield Fragment to Scrap Shield. OA-54W(R) suffers critical hit (Destroy). OA-54W(R) destroyed. Lgt. Cannon destroyed. 5Z-F3P(h) destroyed. Aluminum Leg destroyed. 51-RWP(R) affixes Scrap Shield Fragment to Scrap Shield. XF-04H(R) affixes Scrap Shield Fragment to Scrap Shield. W7-BY5(R) affixes Scrap Shield Fragment to Scrap Shield. BV-HDU(R) affixes Scrap Shield Fragment to Scrap Shield. Map ----- +----------------------------------------------------+ | ?????????????????????????????????????????????????? | | ?????????????????????????????????????????????????? | | ?????????????????????????????????????????????????? | | ?????????????????????????????????????????????????? | | ?????????????????????????????????????????????????? | | ?????????????????????????????????????????????????? | | ?????????????????????????????????????????????????? | | ?????????????????????????????????????????????????? | | ?????????????????????????????????????????????????? | | ?????????????????????????????????????????????????? | | ??????????????????????? ????????????????????????? | | ????????????????????? ????????????????????????? | | ???????????????????? ????????????????????????? | | ????????????????????? ????????????????????????? | | ????????????????????? ??##????????????????????? | | ????????????????????? ##^#????????????????????? | | ?????????????????????? ## ??????????????????? | | ?????????????????????? ???????????????????? | | ?????????????????????? ????????????????????? | | ??????????????????????? #????????????????????? | | ??????????????????????? ##???????????????????? | | ???????????????##??????# ####????????????????? | | ???????????????#"#?????# """"##???????????????? | | ??????????????## "####?# " """???????????????? | | ??????????????# R%"& ### " """"???????????????? | | ??????????????# R!R%% @ """""" ?????????????? | | ??????????????#!]%&R& ""#??????????????? | | ??????????????#% R& ^ ##??????????????? | | ??????????????# RR= ###???????????????? | | ??????????????#% ## ## ##????????????????? | | ??????????????## ""####?# ###??????????????? | | ???????????????##; " #????# ##?????????????? | | ????????????????# #????# #?????????????? | | ???????????????#; % """#### ##????????????? | | ???????????????# = ## ##????###????? | | ???????????????# #??### ##???? | | ???????????????## #### ##??# | | ????????????????## ""% #?# | | ????????????????###"" ## | | ???????????????# | | ??????????????# ######### | | ??????????????##### ##???????# ## | | ??????????????????## #???????## #? | | ???????????????????# #??????## ## | | ???????????????????# ##????### # | | ???????????????????# #?##### | | ???????????????????# #?# | | ???????????????????### ### #?# # # | | ?????????????????????# ##?### ?## ## | | ?????????????????????# #????## ?## ## ## | +----------------------------------------------------+ Best States ------------- Heat Dissipation 25 Energy Generation 15 Energy Capacity 250 Matter Stores 264 Matter Capacity 400 Sight Range 16 Robot Scan Range 20 Terrain Scan Density 10 Evasion (%) 55 Item Schematics ----------------- None Robot Schematics ------------------ None Fabricated ------------ Nothing Repaired ---------- Nothing Studied --------- None Alien Tech Used ----------------- None Achievements -------------- Risk Taker Challenges ------------ None Game ------ Seed ExplosiveTerrainPenetrator Manual? 0 Play Time 00:15:33 Cumulative 2.7 hours Start 2026.03.03 @ 05:29:31 End 2026.03.03 @ 17:15:29 Sessions 3 Manual Loads 0 Difficulty Rogue Special Mode None Game No. 4 Rogue 4 Adventurer 0 Explorer 0 Win Type - Total 0 Types 0/0/0/0/0/0/0/0/0/0 Lore% 2 Gallery% 4 Achievement% 5 Wizard Run 0 Options --------- Layout 1 ASCII 0 Keyboard 0 Movement Mouse Keybinds 0 Fullscreen 1 Font 24/Smallcaps Map View 50x35 Zoom Use 0% Tactical HUD 0 Map Filters NONE Filters NONE Steam 1 RUN: dffdc8b2-5223-4943-a81e-093a42b16c2a